 Dungeon Crawl Stone Soup version 0.24-a0-252-g5076262 (webtiles) character file.

Game seed: 13592249456214891719

159 Hasart the Cutter (level 5, 0/32 HPs)
             Began as a Kobold Gladiator on Apr 17, 2019.
             Slain by a gnoll
             ... wielding a +0 flail of holy wrath
              (5 damage)
             ... on level 4 of the Dungeon.
             The game lasted 00:04:21 (2433 turns).

Hasart the Cutter (Kobold Gladiator)                Turns: 2433, Time: 00:04:22

Health: 0/32       AC:  6    Str:  7    XL:     5   Next: 68%
Magic:  5/5        EV: 14    Int:  9    God:
Gold:   172        SH:  0    Dex: 16    Spells: 4/4 levels left

rFire    . . .     SeeInvis .   a - +1 rapier
rCold    . . .     Gourm    .   (shield restricted)
rNeg     . . .     Faith    .   e - +0 ring mail (curse)
rPois    .         Spirit   .   c - +0 helmet
rElec    .         Reflect  .   (no cloak)
rCorr    .         Harm     .   (no gloves)
MR       .....                  (no boots)
Stlth    ++........             i - amulet of inaccuracy (curse)
HPRegen  0.10/turn              q - -6 ring of strength (curse)
MPRegen  0.09/turn              (no ring)

@: no status effects
A: small, carnivore
a: no special abilities


You were on level 4 of the Dungeon.
You were very full.

You visited 1 branch of the dungeon, and saw 4 of its levels.

You collected 172 gold pieces.

Inventory:

Hand Weapons
 a - a +1 rapier (weapon)
Missiles
 d - 3 throwing nets (quivered)
Armour
 b - a +1 leather armour
 c - a +0 helmet (worn)
 e - a cursed +0 ring mail (worn)
Jewellery
 i - a cursed amulet of inaccuracy (around neck)
 q - a cursed -6 ring of strength (left hand)
Scrolls
 j - a scroll of enchant weapon
 k - 2 scrolls of blinking
Potions
 g - 2 potions of ambrosia
 h - a potion of berserk rage {unknown}
 o - a potion of lignification {unknown}
 p - a potion of magic {unknown}
Comestibles
 f - 7 rations


   Skills:
 + Level 3.2 Fighting
 * Level 5.6 Short Blades
 - Level 2.1 Throwing
 + Level 1.3 Armour
 + Level 4.3 Dodging
 + Level 2.5 Stealth


You had 4 spell levels left.
You didn't know any spells.
Your spell library was empty.

Dungeon Overview and Level Annotations

Branches:
Dungeon (4/15)
 Temple: D:4-7

Altars:
Ashenzari
Uskayaw
Yredelemnul
The Shining One


Innate Abilities, Weirdness & Mutations

You are small and have problems with some larger weapons.
You are carnivorous and can eat meat at any time.


Message History

The gnoll is moderately wounded.
The gnoll misses you.
You hit the gnoll but do no damage.
The gnoll is moderately wounded.
You hit the gnoll but do no damage.
The gnoll is moderately wounded.
The gnoll hits you with a +0 flail of holy wrath!
* * * LOW HITPOINT WARNING * * *
You puncture the gnoll!
The gnoll is almost dead.
The gnoll closely misses you.
You hit the gnoll but do no damage.
The gnoll is almost dead.
The gnoll barely misses you.
You closely miss the gnoll.
The gnoll is almost dead.
You barely miss the gnoll.
The gnoll is almost dead.
The gnoll hits you with a +0 flail of holy wrath.
You die...

#############
#....@.......
#.....g......
#............
#............
#.........$..
........#+####
.........+
.........#


You could see a gnoll.

Vanquished Creatures
  A worker ant (D:3)
  4 adders
  A gnoll (D:3)
  An ooze (D:3)
  A worm (D:2)
  3 leopard geckos
  8 orcs (D:3)
  2 ball pythons
  13 bats
  A giant cockroach (D:3)
  7 goblins
  10 hobgoblins
  8 kobolds
  2 quokkas (D:2)
  8 rats
70 creatures vanquished.

Notes
Turn   | Place    | Note
-------+----------+-------------------------------------------
     0 | D:1      | Hasart the Kobold Gladiator began the quest for the Orb.
     0 | D:1      | Reached XP level 1. HP: 12/12 MP: 1/1
    63 | D:1      | Reached XP level 2. HP: 18/18 MP: 2/2
   260 | D:1      | Reached skill level 1 in Stealth
   302 | D:1      | Reached XP level 3. HP: 20/22 MP: 3/3
   956 | D:2      | Found a basalt altar of Yredelemnul.
  1011 | D:2      | Reached XP level 4. HP: 19/27 MP: 4/4
  1075 | D:2      | Found a hide-covered altar of Uskayaw.
  1116 | D:2      | Reached skill level 5 in Short Blades
  1558 | D:2      | Found a shattered altar of Ashenzari.
  1753 | D:3      | Reached skill level 1 in Armour
  1836 | D:3      | Reached XP level 5. HP: 19/32 MP: 5/5
  2345 | D:3      | Found a glowing golden altar of the Shining One.
  2433 | D:4      | Slain by a gnoll

Levels and vault maps discovered:
D:1:      lightli_arrival_noodles, layout_loops_ring
D:2:      layout_basic, marbit_many_paths, overflow_temple_1_default,
          eat_drink_and_be_merry_uskayaw
D:3:      layout_basic, tso_oasis_becter, demons_altar,
          gammafunk_ghost_stat_death, grunt_ministairs_5, serial_bayou_pond_a
D:4:      layout_gridville, serial_shops, shop_fountains, shop,
          nicolae_shop_statue_plus, nicolae_shop_temple_entry_statues_fountains,
          kennysheep_mini_moat

Skill      XL: |  1  2  3  4 |
---------------+-------------+-----
Stealth        | 1 2 |  2.5
Dodging        | 4 |  4.3
Short Blades   | 5 |  5.6
Armour         | 1 |  1.3
Fighting       | 3 |  3.2
Throwing       | |  2.1

Action                   |  1- 3 |  4- 6 || total
-------------------------+-------+-------++-------
Melee: Rapier            |    97 |   177 ||   274
  Use: Scroll            |       |     6 ||     6
 Stab: Sleeping          |     3 |     2 ||     5
  Eat: Chunk             |     9 |     4 ||    13
Armor: Leather armour    |    19 |     2 ||    21
       Ring mail         |       |    41 ||    41
Dodge: Dodged            |    89 |   123 ||   212

Table legend:
 A = Non-vault XP
 B = Vault XP
 C = Vault XP percentage of total XP
 D = Non-vault monster count
 E = Vault monster count
 F = Vault count percentage of total count
                 A         B        C        D         E       F
            +---------+---------+-------+---------+---------+-------
      Total |     189 |      39 |  17.1 |      67 |       3 |   4.3
            +---------+---------+-------+---------+---------+-------
        D:1 |      32 |       0 |   0.0 |      20 |       0 |   0.0
        D:2 |      61 |       3 |   4.7 |      21 |       1 |   4.5
        D:3 |      96 |      36 |  27.3 |      26 |       2 |   7.1
            +---------+---------+-------+---------+---------+-------
